 Dungeon Crawl Stone Soup version 0.27-a0-40-g5f2be0e231 (webtiles) character file.

Game seed: 9043854002357242046

24 wakim the Sneak (level 2, -2/13 HPs)
             Began as a Spriggan Enchanter on Jan 6, 2021.
             Slain by an adder (4 damage)
             ... on level 2 of the Dungeon.
             The game lasted 00:03:58 (1189 turns).

wakim the Sneak (Spriggan Enchanter)                Turns: 1189, Time: 00:03:59

Health: -2/13      AC:  2    Str:  4    XL:     2   Next: 79%
Magic:  5/6        EV: 18    Int: 16    God:
Gold:   50         SH:  0    Dex: 16    Spells: 5/6 levels left

rFire    . . .     SeeInvis +   a - +1 dagger
rCold    . . .     Faith    .   (shield restricted)
rNeg     . . .     Spirit   .   e - +0 robe
rPois    .         Reflect  .   (helmet restricted)
rElec    .         Harm     .   (no cloak)
rCorr    .         Rampage  .   (gloves unavailable)
Will     .....                  (boots unavailable)
Stlth    +++.......             (no amulet)
HPRegen  0.04/turn              (no ring)
MPRegen  0.10/turn              (no ring)

@: lethally poisoned (-2 -> -13), very quick
A: very small, unfitting armour, see invisible, speed 3
a: no special abilities


You were on level 2 of the Dungeon.
You visited 1 branch of the dungeon, and saw 2 of its levels.

You collected 50 gold pieces.

Inventory:

Hand Weapons
 a - a +1 dagger (weapon)
Armour
 e - a +0 robe (worn)
Scrolls
 b - a scroll of enchant weapon {unknown}
 c - 6 scrolls of identify {unknown}
 g - a scroll of teleportation {unknown}
Potions
 d - a potion of curing {unknown}
 f - a potion of flight {unknown}
 h - a potion of ambrosia {unknown}
 i - a potion of brilliance {unknown}
 j - a potion of haste {unknown}


   Skills:
 + Level 2.3 Short Blades
 - Level 3.0 Dodging
 + Level 5.4 Stealth
 - Level 2.6 Spellcasting
 - Level 3.6 Hexes


You had 5 spell levels left.
You knew the following spells:

 Your Spells              Type           Power        Failure   Level
a - Corona                Hex            14%          4%          1

Your spell library contained the following spells:

 Spells                   Type           Power        Failure   Level
 Confusing Touch          Hex            13%          13%         3
 Tukima's Dance           Hex            13%          13%         3
 Ensorcelled Hibernation  Hex/Ice        14%          14%         2
 Dazzling Flash           Conj/Hex       14%          28%         3


Dungeon Overview and Level Annotations

Branches:
Dungeon (2/15)

Altars:

Annotations:
D:2 Sigmund


Innate Abilities, Weirdness & Mutations

You are very small and have problems with some larger weapons.
You are too small for most types of armour.
You have supernaturally acute eyesight. (SInv)
You cover ground extremely quickly.


Message History

The adder is lightly wounded.
The adder closely misses you.
You barely miss the adder.
The adder is lightly wounded.
You feel sick. The adder misses you.
You barely miss the adder.
The adder is lightly wounded.
The adder bites you but does no damage. The adder bites you.
You are more poisoned.
The adder poisons you!
You barely miss the adder.
You feel sick. The adder barely misses you.
You barely miss the adder. The adder bites you but does no damage.
You closely miss the adder.
* * * LOW HITPOINT WARNING * * *
You feel sick. The adder completely misses you.
You miss the adder.
* * * LOW HITPOINT WARNING * * *
You feel sick. The adder misses you.
You hit the adder but do no damage. The adder bites you.
You die...

## #.........
.. #.K........
#. #..........
#. #..........
#. #...........
#. ...........
#.###......#..#
#.@S..........
######.....##.#
##..<.......#
#.....K......
+............
#............
#...........).
##............
+............


You could see an adder.

Vanquished Creatures
  An adder (D:2)
  A giant cockroach (D:1)
  2 goblins
  2 hobgoblins (D:1)
  2 bats
  3 frilled lizards (D:1)
  3 kobolds
  3 rats (D:1)
17 creatures vanquished.

Notes
Turn   | Place    | Note
-------+----------+-------------------------------------------
     0 | D:1      | wakim the Spriggan Enchanter began the quest for the Orb.
     0 | D:1      | Reached XP level 1. HP: 9/9 MP: 5/5
   368 | D:1      | Reached XP level 2. HP: 13/13 MP: 6/6
   609 | D:1      | Reached skill level 5 in Stealth
   907 | D:2      | Noticed Sigmund
  1189 | D:2      | Slain by an adder

Illustrated notes

Levels and vault maps discovered:
D:1:      amcnicky_arrival_blooded_trapdoor, layout_rooms
D:2:      layout_basic, uniq_sigmund, uniq_terence

Skill      XL: |  1  2 |
---------------+-------+-----
Stealth        | 5 |  5.4
Short Blades   | 2 |  2.3
Dodging        | |  3.0
Spellcasting   | |  2.6
Hexes          | |  3.6

Action                   || total
-------------------------++-------
Melee: Dagger            ||    63
 Cast: Corona            ||     9
 Stab: Sleeping          ||     4
Armor: Robe              ||     7
Dodge: Dodged            ||    45

Table legend: (Time is in decaauts)
 A = Elapsed time spent in this place.
 B = Non-inter-level travel time spent in this place.
 C = Inter-level travel time spent in this place.
 D = Time resting spent in this place.
 E = Time spent auto-exploring this place.
 F = Levels seen in this place.
 G = Mean time per level.
                   A        B        C        D        E       F      G
               +--------+--------+--------+--------+--------+-----+--------+
         Total |    901 |    876 |     25 |    164 |    471 |   2 |  450.5 |
       Dungeon |    901 |    876 |     25 |    164 |    471 |   2 |  450.5 |
               +--------+--------+--------+--------+--------+-----+--------+

Top non-repeatable levels by time:
     D:1: 739 daAuts
     D:2: 161 daAuts
